 Dungeon Crawl Stone Soup version 0.31-a0-801-gc67433417a (webtiles) character file.

Game seed: 17907406323349529721

8 Essalna the Conjurer (level 2, 19/19 HPs)
             Began as a Demonspawn Conjurer on Sept 20, 2023.
             Got out of the dungeon alive.
             The game lasted 00:00:46 (625 turns).

Essalna the Conjurer (Demonspawn Conjurer)           Turns: 625, Time: 00:00:46

Health: 19/19      AC:  2    Str:  7    XL:     2   Next: 0%
Magic:  5/5        EV: 12    Int: 19    God:
Gold:   62         SH:  0    Dex: 11    Spells: 4/5 levels left

rFire   . . .        d - +1 dagger (freeze)
rCold   . . .        (no shield)
rNeg    . . .        a - +0 robe
rPois   .            (no helmet)
rElec   .            (no cloak)
rCorr   .            (no gloves)
SInv    .            (no boots)
Will    .....        (no amulet)
Stlth   ++           (no ring)
HPRegen 0.23/turn    (no ring)
MPRegen 0.09/turn

%: no passive effects
@: no status effects
A: demonic touch 1
a: no special abilities


You escaped.
You visited 1 branch of the dungeon, and saw 1 of its levels.

You collected 62 gold pieces.

Inventory:

Hand Weapons
 d - a +1 dagger of freezing (weapon)
Armour
 a - a +0 robe (worn)
Scrolls
 c - a scroll of enchant armour {unknown}
 e - a scroll of brand weapon {unknown}
 f - a scroll of poison {unknown}
Potions
 b - a potion of magic


   Skills:
 - Level 1.7 Dodging
 - Level 1.7 Stealth
 + Level 2.3 Spellcasting
 + Level 4.2 Conjurations


You had 4 spell levels left.
You knew the following spells:

 Your Spells              Type           Power      Damage    Failure   Level
a - Magic Dart            Conj           72%        1d6       3%          1

Your spell library contained the following spells:

 Spells                   Type           Power      Damage    Failure   Level
 Searing Ray              Conj           36%        2d5       4%          2
 Dazzling Flash           Conj/Hex       20%        N/A       21%         3
 Fulminant Prism          Conj/Hex       5%         3d7       56%         4
 Iskenderun's Mystic Bla  Conj/Tloc      10%        2d4       56%         4


Dungeon Overview and Level Annotations

Branches:
Dungeon (1/15)

Altars:


Innate Abilities, Weirdness & Mutations

Your touch may inflict minor irresistible damage on your foes.


Message History

Found a robe.
You now have 62 gold pieces (gained 15).
Key pressed, stopping explore.
Key pressed, stopping explore.
Found a hand axe.
Key pressed, stopping explore.
You see here a rat corpse.
Key pressed, stopping explore.
You see here a +0 robe.
Key pressed, stopping explore.
You see here a +0 robe.
Key pressed, stopping explore.
Key pressed, stopping explore.
A quokka comes into view.
A quokka is nearby!
The magic dart hits the quokka.
The quokka is moderately wounded.
The magic dart hits the quokka.
You kill the quokka!
You can't see any susceptible monsters within range! (Use Z to cast anyway.)
You can't see any susceptible monsters within range! (Use Z to cast anyway.)
Found a stone staircase leading down.
You can't see any susceptible monsters within range! (Use Z to cast anyway.)
A kobold comes into view. It is wielding a +0 dagger.
The magic dart hits the kobold.
The kobold is severely wounded.
The kobold throws a stone.
The stone hits you but does no damage.
The magic dart hits the kobold but does no damage.
The kobold is severely wounded.
The kobold throws a stone.
The stone closely misses you.
The magic dart hits the kobold.
You kill the kobold!
You have reached level 2!
Your demonic ancestry asserts itself...
Your hands begin to faintly glow with unholy energy.
You see here a bat skeleton.
You see here a +0 ring mail.
There is an open door here.
There is a staircase leading out of the dungeon here.
You have escaped!

#.##.##.......##.####.......##
#.##.##.##.##..........####.#
#.##..........##.#####.####.#####
#.##.......##.##.# #.##........
#.#####.##.......# #.##.#.####.
[.......##.....### #.##.#.# #.
##.####.####...# #......# #. ###
############ #...รท.## #.
.......@# #.##..# #. #######'#
#.#...# ## ........# #.#.#.#
################.#####.#.#.###
.................#...........#
##################.....#.#.#.....
......................[#.#...#...
.##.#..#####...#######...##.## ..
.......# #)..# #......# .


There were no monsters in sight!

Vanquished Creatures
  A goblin (D:1)
  A quokka (D:1)
  A ball python (D:1)
  A bat (D:1)
  A frilled lizard (D:1)
  2 kobolds (D:1)
  2 rats (D:1)
9 creatures vanquished.

Notes
Turn   | Place    | Note
-------+----------+-------------------------------------------
     0 | D:1      | Essalna the Demonspawn Conjurer began the quest for the
                  | Orb.
     0 | D:1      | Reached XP level 1. HP: 13/13 MP: 3/3
   532 | D:1      | Gained mutation: Your touch may inflict minor irresistible
                  | damage on your foes. [demonic ancestry]
   532 | D:1      | Reached XP level 2. HP: 19/19 MP: 0/5
   625 | D:$      | Got out of the dungeon alive.

Illustrated notes

Levels and vault maps discovered:
D:1:      wheals_arrival_linesprint, layout_loops_cross, minmay_misc_feat_cross,
          minmay_tetromino_i2

Action                     || total
---------------------------++-------
   Cast: Magic Dart        ||    14
 Armour: Robe              ||     1
  Dodge: Dodged            ||     1

Table legend: (Time is in decaauts)
 A = Elapsed time spent in this place.
 B = Non-inter-level travel time spent in this place.
 C = Inter-level travel time spent in this place.
 D = Time resting spent in this place.
 E = Time spent auto-exploring this place.
 F = Levels seen in this place.
 G = Mean time per level.
                   A        B        C        D        E       F      G
               +--------+--------+--------+--------+--------+-----+--------+
         Total |    624 |    532 |     92 |      0 |    483 |   1 |  624.0 |
       Dungeon |    624 |    532 |     92 |      0 |    483 |   1 |  624.0 |
               +--------+--------+--------+--------+--------+-----+--------+

Top non-repeatable levels by time:
     D:1: 624 daAuts
